 Dungeon Crawl Stone Soup version 0.24.0-125-gc4c63601f3 (webtiles) character file.

Game seed: 618962523167895153, levelgen mode: deterministic

23 snilloc10 the Firebug (level 3, -1/19 HPs)
             Began as a Gargoyle Fire Elementalist on Feb 25, 2020.
             Slain by Sigmund
             ... wielding a +0 scythe
              (5 damage)
             ... on level 2 of the Dungeon.
             The game lasted 00:07:54 (1373 turns).

snilloc10 the Firebug (Gargoyle Fire Elementalist)  Turns: 1373, Time: 00:07:55

Health: -1/19      AC:  5    Str: 12    XL:     3   Next: 0%
Magic:  4/6        EV: 12    Int: 15    God:
Gold:   75         SH:  0    Dex: 10    Spells: 5/6 levels left

rFire    . . .     SeeInvis .   h - +0 dagger (venom)
rCold    . . .     Gourm    .   (no shield)
rNeg     + . .     Faith    .   a - +0 robe
rPois    ∞         Spirit   .   (no helmet)
rElec    +         Reflect  .   (no cloak)
rCorr    .         Harm     .   (no gloves)
MR       .....                  (no boots)
Stlth    ++........             (no amulet)
HPRegen  0.06/turn              (no ring)
MPRegen  0.10/turn              (no ring)

@: no status effects
A: negative energy resistance 1, electricity resistance, unbreathing,
petrification resistance, rot immunity, AC +3
a: no special abilities


You were on level 2 of the Dungeon.
You were not hungry.

You visited 1 branch of the dungeon, and saw 2 of its levels.

You collected 75 gold pieces.

Inventory:

Hand Weapons
 e - a +0 dagger
 f - a +0 whip
 g - a +0 short sword
 h - a +0 dagger of venom (weapon)
Missiles
 i - 5 boomerangs (quivered)
Armour
 a - a +0 robe (worn)
Scrolls
 b - 2 scrolls of identify {unknown}
 d - a scroll of blinking {unknown}


   Skills:
 + Level 0.0 Throwing
 - Level 1.5 Dodging
 - Level 2.3 Stealth
 * Level 2.3 Spellcasting
 * Level 1.6 Conjurations
 * Level 3.4 Fire Magic


You had 5 spell levels left.
You knew the following spells:

 Your Spells              Type           Power        Failure   Level  Hunger
a - Flame Tongue          Conj/Fire      #....        8%          1    #......

Your spell library contained the following spells:

 Spells                   Type           Power        Failure   Level  Hunger
 Throw Flame              Conj/Fire      #.....       12%         2    ###....
 Conjure Flame            Conj/Fire      #.......     22%         3    ###....
 Inner Flame              Hex/Fire       #.......     32%         3    ###....
 Sticky Flame             Conj/Fire      #.......     58%         4    #####..
 Fireball                 Conj/Fire      #.........   91%         5    ######.


Dungeon Overview and Level Annotations

Branches:
Dungeon (2/15)

Altars:

Annotations:
D:2 Sigmund


Innate Abilities, Weirdness & Mutations

You are resistant to torment.
Your stone body is resilient. (AC +3)
You are immune to poison.
You resist negative energy. (rN+)
You are resistant to electric shocks. (rElec)
You can survive without breathing.
You are immune to petrification.
You are immune to rotting.


Message History

Sigmund barely misses you. The bat hits you.
Casting: Flame Tongue (safe; 8% risk of failure)
Confirm with . or Enter, or press ? or * to list all spells.
Aiming: Flame Tongue (safe; 8% risk of failure)
Press: ? - help, Shift-Dir - straight line, f/p - Sigmund
Aim: Sigmund, wielding a +0 scythe and wearing a +0 robe (lightly wounded)
The flame tongue hits the bat.
You kill the bat!
You have reached level 3!
Your experience leads to an increase in your attributes!
Increase (S)trength, (I)ntelligence, or (D)exterity?
You feel stronger.
Sigmund casts a spell.
Sigmund flickers and vanishes!
Deactivating autopickup; reactivate with Ctrl-A.
Something hits you.
* * * LOW HITPOINT WARNING * * *
Something hits you.
You die...

.......#####.#
.............#
........###..#
......#.###..#.......
..... #..##..#.......
#### ##.##..#.......
#..#..#.......
##.#..#.......
#..@.#.......
##...#.......
#...{.......
##..#......(
#..#.......
#.>#.......
#.....##### #######


There were no monsters in sight!

Vanquished Creatures
  3 hobgoblins
  3 jackals (D:1)
  6 kobolds
  4 bats
  3 frilled lizards (D:1)
  3 goblins
22 creatures vanquished.

Notes
Turn   | Place    | Note
-------+----------+-------------------------------------------
     0 | D:1      | snilloc10 the Gargoyle Fire Elementalist began the quest
                  | for the Orb.
     0 | D:1      | Reached XP level 1. HP: 10/10 MP: 3/3
   348 | D:1      | Reached XP level 2. HP: 15/15 MP: 1/5
  1357 | D:2      | Noticed Sigmund
  1371 | D:2      | Reached XP level 3. HP: 8/19 MP: 4/6
  1373 | D:2      | Slain by Sigmund

Levels and vault maps discovered:
D:1:      roderic_dead_forest, layout_loops_ring
D:2:      layout_basic, uniq_sigmund, uniq_natasha, uniq_robin

Action                   || total
-------------------------++-------
Melee: Short sword       ||    23
       Unarmed           ||     5
       Dagger            ||    18
Throw: Boomerang         ||    13
 Cast: Flame Tongue      ||    17
  Use: Potion            ||     1
 Stab: Sleeping          ||     1
  Eat: Ration            ||     1
Armor: Robe              ||    32
Dodge: Dodged            ||    40
